 Dungeon Crawl Stone Soup version 0.25-a0-404-gc1b5a34292 (webtiles) character file.

Game seed: 1942100389566789115, levelgen mode: deterministic

50 DeadFury222 the Chopper (level 3, -4/34 HPs)
             Began as a Hill Orc Monk on Jan 10, 2020.
             Slain by Sigmund
             ... wielding a +0 scythe
              (12 damage)
             ... on level 2 of the Dungeon.
             The game lasted 00:09:08 (1841 turns).

DeadFury222 the Chopper (Hill Orc Monk)             Turns: 1841, Time: 00:09:09

Health: -4/34      AC:  6    Str: 14    XL:     3   Next: 79%
Magic:  3/3        EV: 11    Int: 10    God:
Gold:   74         SH:  0    Dex: 13    Spells: 2/2 levels left

rFire    . . .     SeeInvis .   a - +0 hand axe
rCold    . . .     Gourm    .   (no shield)
rNeg     . . .     Faith    .   k - +0 ring mail
rPois    .         Spirit   .   (no helmet)
rElec    .         Reflect  .   (no cloak)
rCorr    .         Harm     .   (no gloves)
MR       .....                  h - +0 pair of boots
Stlth    +.........             (no amulet)
HPRegen  0.11/turn              (no ring)
MPRegen  0.08/turn              (no ring)

@: no status effects
A: no striking features
a: no special abilities


You were on level 2 of the Dungeon.
You were not hungry.

You visited 1 branch of the dungeon, and saw 2 of its levels.

You collected 74 gold pieces.

Inventory:

Hand Weapons
 a - a +0 hand axe (weapon)
Missiles
 f - 52 stones (quivered)
Armour
 h - a +0 pair of boots (worn)
 k - a +0 ring mail (worn)
Jewellery
 j - a +5 amulet of reflection {unknown}
Scrolls
 b - a scroll of identify {unknown}
 e - a scroll of remove curse
 i - a scroll of blinking {unknown}
Comestibles
 c - 3 rations
 d - 2 chunks of flesh


   Skills:
 + Level 4.5 Fighting
 + Level 4.8 Axes
 + Level 0.2 Throwing
 * Level 1.2 Armour
 - Level 2.4 Dodging
 - Level 1.5 Stealth


You had 2 spell levels left.
You didn't know any spells.
Your spell library was empty.

Dungeon Overview and Level Annotations

Branches:
Dungeon (2/15)

Altars:
Sif Muna

Annotations:
D:2 Sigmund


Message History

* * * LOW HITPOINT WARNING * * *
You hit something but do no damage. Something hits you but does no damage.
You feel better. Something hits you.
* * * LOW HITPOINT WARNING * * *
There is a stone staircase leading up, spattered with blood here.
Something hits you.
* * * LOW HITPOINT WARNING * * *
You feel better. Something hits you!
* * * LOW HITPOINT WARNING * * *
It was a potion of cancellation.
You feel magically purged.
It was a potion of heal wounds.
You feel much better. Something hits you.
You swing at nothing.
A magic dart appears from out of thin air!
The magic dart hits you.
You swing at nothing.
Something completely misses you.
You swing at nothing.
You swing at nothing.
Something hits you!
* * * LOW HITPOINT WARNING * * *
You swing at nothing.
Something hits you!
You die...

.....##...................#...#
@.....#.#..#####.######.#.#...#
((.......................<#...#
.)....#.#.#.####.#......###...#
.###......#.............#.#...#
.##.......#..###.#........#...#
.....@....#.....<#...#.#..##'##
###.......#....#.#........##_#
###'#.###.#....#@##.......####
#.....###.###..#.##......#.#
#......K.......#....####...# #
#.........###..............#.#
###.......#................'..
...##....#####.#..##.......#
##. #.............##.......# ..
#....>#####.........#### ...
#.................###


There were no monsters in sight!

Vanquished Creatures
  2 adders (D:2)
  2 dart slugs
  A leopard gecko (D:1)
  2 bats (D:1)
  2 giant cockroaches (D:1)
  4 goblins
  2 hobgoblins (D:2)
  6 kobolds
  A quokka (D:2)
  2 frilled lizards (D:1)
  6 rats
30 creatures vanquished.

Notes
Turn   | Place    | Note
-------+----------+-------------------------------------------
     0 | D:1      | DeadFury222 the Hill Orc Monk began the quest for the Orb.
     0 | D:1      | Reached XP level 1. HP: 19/19 MP: 1/1
    27 | D:1      | You fall into a shaft and drop 1 floor!
    75 | D:2      | Noticed Sigmund
   164 | D:1      | Reached XP level 2. HP: 21/27 MP: 2/2
  1162 | D:2      | Reached XP level 3. HP: 6/34 MP: 3/3
  1459 | D:2      | Reached skill level 1 in Armour
  1608 | D:2      | Found a shimmering blue altar of Sif Muna.
  1828 | D:2      | HP: 1/34 [something (5)]
  1833 | D:2      | HP: 1/34 [something (8)]
  1841 | D:2      | Slain by Sigmund

Levels and vault maps discovered:
D:1:      lightli_arrival_statuegarden, layout_loops_ring
D:2:      layout_basic, lemuel_blue_sif_altar, kennysheep_cross_bottleneck,
          chequers_garden, chequers_avenue, uniq_sigmund

Skill      XL: |  1  2  3 |
---------------+----------+-----
Fighting       | 4 |  4.5
Armour         | 1 |  1.2
Axes           | |  4.8
Throwing       | |  0.2
Dodging        | |  2.4
Stealth        | |  1.5

Action                   || total
-------------------------++-------
Melee: Hand axe          ||   123
Throw: Stone             ||    20
  Use: Scroll            ||     1
       Potion            ||     5
 Stab: Sleeping          ||     1
  Eat: Chunk             ||     3
Armor: Robe              ||    18
       Ring mail         ||    20
Dodge: Dodged            ||    70

Table legend:
 A = Non-vault XP
 B = Vault XP
 C = Vault XP percentage of total XP
 D = Non-vault monster count
 E = Vault monster count
 F = Vault count percentage of total count
                 A         B        C        D         E       F
            +---------+---------+-------+---------+---------+-------
      Total |      72 |       0 |   0.0 |      30 |       0 |   0.0
            +---------+---------+-------+---------+---------+-------
        D:1 |      31 |       0 |   0.0 |      20 |       0 |   0.0
        D:2 |      41 |       0 |   0.0 |      10 |       0 |   0.0
            +---------+---------+-------+---------+---------+-------
